| TOP OF THE 1ST |
|
Great Lakes Loons batting - Pitching for Atlanta (MID) Braves : RHP Jeremy Hurley
|
|
Pitching: RHP Jeremy Hurley
|
|
|
Batting: LHB Nate Kee
|
0-0: Ball 1-0: Ball 2-0: Swinging Strike 2-1: Swinging Strike 2-2: Ball 3-2: Foul Ball, location: 2F 3-2: Foul Ball, location: 2F 3-2: Strikes out swinging
|
|
Batting: LHB Tore Bosch
|
0-0: SINGLE (Groundball, 3D, EV 101.9 MPH)
|
|
Batting: LHB Jesus Ramirez
|
0-0: Ball 1-0: DOUBLE (Flyball, 8LXD, EV 98.1 MPH) Tore Bosch to third
|
|
Batting: SHB Xavier Alaniz
|
0-0: Ball 1-0: Fly out, F8 (Line Drive, 8RM, EV 88.8 MPH)
|
|
Batting: RHB Steve Clark
|
0-0: Called Strike 0-1: Foul Ball, location: 2F 0-2: Ball Wild Pitch! Tore Bosch scores Jesus Ramirez to third 1-2: Foul Ball, location: 2F 1-2: Ball 2-2: Ball 3-2: Strikes out swinging
|
| Top of the 1st over - 1 run, 2 hits, 0 errors, 1 left on base; Great Lakes 1 - Atlanta (MID) 0 |
| BOTTOM OF THE 1ST |
|
Atlanta (MID) Braves batting - Pitching for Great Lakes Loons : RHP Pat Matera
|
|
Pitching: RHP Pat Matera
|
|
|
Batting: RHB Toki Takeuchi
|
0-0: Swinging Strike 0-1: Called Strike 0-2: Ball 1-2: Strikes out swinging
|
|
Batting: RHB Nick Holsinger
|
0-0: Foul Ball, location: 2F 0-1: Ground out 6-3 (Groundball, 6, EV 78.1 MPH)
|
|
Batting: RHB Zheng-ze King
|
0-0: Called Strike 0-1: Ball 1-1: Fly out, F7 (Line Drive, 7D, EV 103.8 MPH)
|
| Bottom of the 1st over - 0 runs, 0 hits, 0 errors, 0 left on base; Great Lakes 1 - Atlanta (MID) 0 |
| TOP OF THE 2ND |
|
Great Lakes Loons batting - Pitching for Atlanta (MID) Braves : RHP Jeremy Hurley
|
|
Batting: LHB Jim Jardine
|
0-0: Ground out 4-3 (Groundball, 4, EV 101.2 MPH)
|
|
Batting: RHB Ruben Serrata
|
0-0: Foul Ball, location: 2F 0-1: Swinging Strike 0-2: Strikes out swinging
|
|
Batting: RHB Jason Baldwin
|
0-0: Ball 1-0: Ball 2-0: Called Strike 2-1: Ground out 6-3 (Groundball, 6, EV 101.9 MPH)
|
| Top of the 2nd over - 0 runs, 0 hits, 0 errors, 0 left on base; Great Lakes 1 - Atlanta (MID) 0 |
| BOTTOM OF THE 2ND |
|
Atlanta (MID) Braves batting - Pitching for Great Lakes Loons : RHP Pat Matera
|
|
Batting: SHB Richello Badua
|
0-0: Ball 1-0: Foul Ball, location: 2F 1-1: Ball 2-1: Swinging Strike 2-2: Fly out, F7 (Flyball, 7, EV 95.0 MPH)
|
|
Batting: RHB Josh McCormick
|
0-0: Called Strike 0-1: Ball 1-1: Foul Ball, location: 2F 1-2: Strikes out swinging
|
|
Batting: LHB Oke Monti
|
0-0: SINGLE (Line Drive, 34, EV 106.9 MPH)
|
|
Batting: LHB Ryan Murdock
|
0-0: Ball 1-0: Swinging Strike 1-1: Swinging Strike 1-2: Strikes out swinging
|
| Bottom of the 2nd over - 0 runs, 1 hit, 0 errors, 1 left on base; Great Lakes 1 - Atlanta (MID) 0 |
| TOP OF THE 3RD |
|
Great Lakes Loons batting - Pitching for Atlanta (MID) Braves : RHP Jeremy Hurley
|
|
Batting: RHB Trevor Conklin
|
0-0: Ball 1-0: Foul Ball, location: 2F 1-1: Foul Ball, location: 2F 1-2: Ball 2-2: Ground out 5-3 (Groundball, 56, EV 85.0 MPH)
|
|
Batting: LHB Nate Kee
|
0-0: Ball 1-0: Ground out U3 (Groundball, 3, EV 88.1 MPH)
|
|
Batting: LHB Tore Bosch
|
0-0: Called Strike 0-1: Foul Ball, location: 2F 0-2: Strikes out looking
|
| Top of the 3rd over - 0 runs, 0 hits, 0 errors, 0 left on base; Great Lakes 1 - Atlanta (MID) 0 |
| BOTTOM OF THE 3RD |
|
Atlanta (MID) Braves batting - Pitching for Great Lakes Loons : RHP Pat Matera
|
|
Batting: RHB Phil Holman
|
0-0: Ball 1-0: Called Strike 1-1: Ball 2-1: Called Strike 2-2: Foul Ball, location: 2F 2-2: Ball 3-2: Fly out, F8 (Line Drive, 8LS, EV 85.6 MPH)
|
|
Batting: LHB Joe Phillips
|
0-0: Ball 1-0: Ball 2-0: SINGLE (Groundball, 6D, EV 104.4 MPH)
|
|
Batting: RHB Toki Takeuchi
|
0-0: Fielders Choice at 2nd, 6-4 (Groundball, 6S, EV 83.8 MPH)
|
|
Batting: RHB Nick Holsinger
|
0-0: Called Strike 0-1: Called Strike 0-2: Ground out 5-3 (Groundball, 56, EV 83.8 MPH)
|
| Bottom of the 3rd over - 0 runs, 1 hit, 0 errors, 1 left on base; Great Lakes 1 - Atlanta (MID) 0 |
| TOP OF THE 4TH |
|
Great Lakes Loons batting - Pitching for Atlanta (MID) Braves : RHP Jeremy Hurley
|
|
Batting: LHB Jesus Ramirez
|
0-0: Swinging Strike 0-1: Ball 1-1: Foul Ball, location: 2F 1-2: Ball 2-2: Foul Ball, location: 2F 2-2: Ground out 4-3 (Groundball, 4D, EV 98.8 MPH)
|
|
Batting: SHB Xavier Alaniz
|
0-0: Called Strike 0-1: SOLO HOME RUN (Flyball, 9D, EV 106.9 MPH), Distance : 400 ft
|
|
Batting: RHB Steve Clark
|
0-0: Ball 1-0: Called Strike 1-1: Ball 2-1: Fly out, F8 (Flyball, 8RD, EV 100.6 MPH)
|
|
Batting: LHB Jim Jardine
|
0-0: Called Strike 0-1: Ground out U3 (Groundball, 3, EV 98.8 MPH)
|
| Top of the 4th over - 1 run, 1 hit, 0 errors, 0 left on base; Great Lakes 2 - Atlanta (MID) 0 |
| BOTTOM OF THE 4TH |
|
Atlanta (MID) Braves batting - Pitching for Great Lakes Loons : RHP Pat Matera
|
|
Batting: RHB Zheng-ze King
|
0-0: Ball 1-0: Ball 2-0: Ball 3-0: Called Strike 3-1: Ground out 5-3 (Groundball, 56, EV 82.5 MPH)
|
|
Batting: SHB Richello Badua
|
0-0: Called Strike 0-1: Foul Ball, location: 2F 0-2: Fly out, F8 (Flyball, 8LD, EV 98.8 MPH)
|
|
Batting: RHB Josh McCormick
|
0-0: Swinging Strike 0-1: SOLO HOME RUN (Flyball, 9D, EV 95.0 MPH), Distance : 367 ft
|
|
Batting: LHB Oke Monti
|
0-0: Ball 1-0: Foul Ball, location: 2F 1-1: Ball 2-1: Ball 3-1: Base on Balls
|
|
Batting: LHB Ryan Murdock
|
0-0: Ball 1-0: Ball 2-0: Called Strike 2-1: Ball 3-1: Swinging Strike 3-2: SINGLE (Line Drive, 89M, EV 94.4 MPH) Oke Monti to second Oke Monti to third
|
|
Batting: RHB Phil Holman
|
0-0: Swinging Strike 0-1: SINGLE (Groundball, 56D, EV 100.0 MPH) Oke Monti scores Ryan Murdock to second
|
|
Batting: LHB Joe Phillips
|
0-0: Called Strike 0-1: Ground out U3 (Groundball, 34S, EV 81.9 MPH)
|
| Bottom of the 4th over - 2 runs, 3 hits, 0 errors, 2 left on base; Great Lakes 2 - Atlanta (MID) 2 |
| TOP OF THE 5TH |
|
Great Lakes Loons batting - Pitching for Atlanta (MID) Braves : RHP Jeremy Hurley
|
|
Batting: RHB Ruben Serrata
|
0-0: Called Strike 0-1: Foul Ball, location: 2F 0-2: Ball 1-2: Foul Ball, location: 2F 1-2: Foul Ball, location: 2F 1-2: Ball 2-2: Ground out 4-3 (Groundball, 4, EV 83.8 MPH)
|
|
Batting: RHB Jason Baldwin
|
0-0: Swinging Strike 0-1: Called Strike 0-2: Foul Ball, location: 2F 0-2: Ball 1-2: Ball 2-2: Strikes out swinging
|
|
Batting: RHB Trevor Conklin
|
0-0: Called Strike 0-1: Ball 1-1: Ball 2-1: Fly out, F7 (Flyball, 7LSF, EV 82.5 MPH)
|
| Top of the 5th over - 0 runs, 0 hits, 0 errors, 0 left on base; Great Lakes 2 - Atlanta (MID) 2 |
| BOTTOM OF THE 5TH |
|
Atlanta (MID) Braves batting - Pitching for Great Lakes Loons : RHP Pat Matera
|
|
Batting: RHB Toki Takeuchi
|
0-0: Called Strike 0-1: Ground out 6-3 (Groundball, 6, EV 80.6 MPH)
|
|
Batting: RHB Nick Holsinger
|
0-0: Ball 1-0: Foul Ball, location: 2F 1-1: Fly out, F6 (Popup, P, EV 67.5 MPH)
|
|
Batting: RHB Zheng-ze King
|
0-0: Called Strike 0-1: Ground out 4-3 (Groundball, 4S, EV 87.5 MPH)
|
| Bottom of the 5th over - 0 runs, 0 hits, 0 errors, 0 left on base; Great Lakes 2 - Atlanta (MID) 2 |
| TOP OF THE 6TH |
|
Great Lakes Loons batting - Pitching for Atlanta (MID) Braves : RHP Jeremy Hurley
|
|
Batting: LHB Nate Kee
|
0-0: Called Strike 0-1: Ball 1-1: Ball 2-1: TRIPLE (Line Drive, 8RXD, EV 100.0 MPH)
|
|
Batting: LHB Tore Bosch
|
0-0: Called Strike 0-1: Called Strike 0-2: Ball 1-2: Foul Ball, location: 2F 1-2: Strikes out looking
|
|
Batting: LHB Jesus Ramirez
|
0-0: Ball 1-0: Ball 2-0: Foul Ball, location: 2F 2-1: SINGLE (Groundball, 4D, EV 103.1 MPH) Nate Kee scores
|
|
Batting: SHB Xavier Alaniz
|
0-0: Called Strike 0-1: Ball 1-1: Fly out, F8 (Flyball, 8LXD, EV 105.0 MPH)
|
|
Pitching: RHP Seriozha Darzinsh
|
|
|
Batting: RHB Steve Clark
|
0-0: Foul Ball, location: 2F 0-1: Foul Ball, location: 2F 0-2: Ball 1-2: Ground out U3 (Groundball, 23, EV 91.9 MPH)
|
| Top of the 6th over - 1 run, 2 hits, 0 errors, 1 left on base; Great Lakes 3 - Atlanta (MID) 2 |
| BOTTOM OF THE 6TH |
|
Atlanta (MID) Braves batting - Pitching for Great Lakes Loons : RHP Pat Matera
|
|
Batting: SHB Richello Badua
|
0-0: Ball 1-0: Fly out, F9 (Flyball, 9D, EV 95.0 MPH)
|
|
Batting: RHB Josh McCormick
|
0-0: Ball 1-0: Called Strike 1-1: Called Strike 1-2: Ground out 5-3 (Groundball, 56, EV 94.4 MPH)
|
|
Batting: LHB Oke Monti
|
0-0: Called Strike 0-1: Foul Ball, location: 2F 0-2: DOUBLE (Line Drive, 7LM, EV 106.9 MPH)
|
|
Batting: LHB Ryan Murdock
|
0-0: Foul Ball, location: 2F 0-1: Ball 1-1: Foul Ball, location: 2F 1-2: Ground out 4-3 (Groundball, 34D, EV 100.6 MPH)
|
| Bottom of the 6th over - 0 runs, 1 hit, 0 errors, 1 left on base; Great Lakes 3 - Atlanta (MID) 2 |
| TOP OF THE 7TH |
|
Great Lakes Loons batting - Pitching for Atlanta (MID) Braves : RHP Seriozha Darzinsh
|
|
Batting: LHB Jim Jardine
|
0-0: Ball 1-0: Foul Ball, location: 2F 1-1: Swinging Strike 1-2: Foul Ball, location: 2F 1-2: Strikes out swinging
|
|
Batting: RHB Ruben Serrata
|
0-0: Ball 1-0: Swinging Strike 1-1: Foul Ball, location: 2F 1-2: Fly out, F9 (Flyball, 89S, EV 82.5 MPH)
|
|
Batting: RHB Jason Baldwin
|
0-0: Called Strike 0-1: Ball 1-1: TRIPLE (Flyball, 89XD, EV 93.1 MPH)
|
|
Batting: RHB Trevor Conklin
|
0-0: Swinging Strike 0-1: Ground out 4-3 (Groundball, 4, EV 101.2 MPH)
|
| Top of the 7th over - 0 runs, 1 hit, 0 errors, 1 left on base; Great Lakes 3 - Atlanta (MID) 2 |
| BOTTOM OF THE 7TH |
|
Atlanta (MID) Braves batting - Pitching for Great Lakes Loons : RHP Pat Matera
|
|
Now at C: Javier Solis
|
|
|
Now at 3B: Trevor Conklin
|
|
|
Now in LF: Justin Curran
|
|
|
Batting: RHB Phil Holman
|
0-0: Called Strike 0-1: Foul Ball, location: 2F 0-2: Strikes out swinging
|
|
Batting: LHB Joe Phillips
|
0-0: Ball 1-0: Ball 2-0: Ball 3-0: Base on Balls
|
|
Batting: RHB Toki Takeuchi
|
0-0: Ball 1-0: Called Strike 1-1: SINGLE (Groundball, 5L, EV 99.4 MPH) Joe Phillips to second
|
|
Batting: RHB Nick Holsinger
|
0-0: Foul Ball, location: 2F 0-1: Hit by Pitch Joe Phillips to third Toki Takeuchi to second
|
|
Batting: RHB Zheng-ze King
|
0-0: Ball 1-0: Ball 2-0: Ball 3-0: Base on Balls Joe Phillips scores Toki Takeuchi to third Nick Holsinger to second
|
|
Batting: SHB Richello Badua
|
0-0: Ball 1-0: Called Strike 1-1: Fly out, F8 (Flyball, 8LD, EV 73.8 MPH) Runner from 3rd tags up, OUT at HOME! 8-2
|
| Bottom of the 7th over - 1 run, 1 hit, 0 errors, 2 left on base; Great Lakes 3 - Atlanta (MID) 3 |
| TOP OF THE 8TH |
|
Great Lakes Loons batting - Pitching for Atlanta (MID) Braves : RHP Seriozha Darzinsh
|
|
Pitching: LHP Darius Brown
|
|
|
Batting: RHB Javier Solis
|
0-0: SINGLE (Groundball, 56D, EV 100.0 MPH)
|
|
Batting: LHB Tore Bosch
|
0-0: Ball 1-0: Ball 2-0: Bunt missed! 2-1: Bunted foul 2-2: Fly out, F5 (Popup, 5F, EV 40.0 MPH)
|
|
Pinch Hitting: RHB Eddie Perry
|
0-0: Ball 1-0: Called Strike 1-1: Foul Ball, location: 2F 1-2: Grounds into double play, 6-4-3 (Groundball, 6, EV 86.2 MPH)
|
| Top of the 8th over - 0 runs, 1 hit, 0 errors, 0 left on base; Great Lakes 3 - Atlanta (MID) 3 |
| BOTTOM OF THE 8TH |
|
Atlanta (MID) Braves batting - Pitching for Great Lakes Loons : RHP Pat Matera
|
|
Now at 1B: Eddie Perry
|
|
|
Batting: RHB Josh McCormick
|
0-0: Ball 1-0: Ball 2-0: Fly out, F7 (Flyball, 78M, EV 80.0 MPH)
|
|
Batting: LHB Oke Monti
|
0-0: Ball 1-0: Ball 2-0: Ball 3-0: Base on Balls
|
|
Pitching: RHP Cameron Williams
|
|
|
Batting: LHB Ryan Murdock
|
0-0: Ball 1-0: Ball 2-0: Foul Ball, location: 2F 2-1: Swinging Strike 2-2: Ball 3-2: Strikes out swinging
|
|
Pinch Hitting: RHB Armando Moz
|
0-0: Ball 1-0: Called Strike 1-1: Foul Ball, location: 2F 1-2: Foul Ball, location: 2F 1-2: Fly out, F9 (Line Drive, 9, EV 93.1 MPH)
|
| Bottom of the 8th over - 0 runs, 0 hits, 0 errors, 1 left on base; Great Lakes 3 - Atlanta (MID) 3 |
| TOP OF THE 9TH |
|
Great Lakes Loons batting - Pitching for Atlanta (MID) Braves : LHP Darius Brown
|
|
Now at 3B: Malik Boulay
|
|
|
Batting: SHB Xavier Alaniz
|
0-0: Called Strike 0-1: Ball 1-1: Ground out 5-3 (Groundball, 5L, EV 94.4 MPH)
|
|
Batting: RHB Justin Curran
|
0-0: Ball 1-0: Called Strike 1-1: Foul Ball, location: 2F 1-2: Strikes out swinging, 2-3 out at first.
|
|
Batting: LHB Jim Jardine
|
0-0: Swinging Strike 0-1: Ball 1-1: Ball 2-1: Ground out 4-3 (Groundball, 4M, EV 90.0 MPH)
|
| Top of the 9th over - 0 runs, 0 hits, 0 errors, 0 left on base; Great Lakes 3 - Atlanta (MID) 3 |
| BOTTOM OF THE 9TH |
|
Atlanta (MID) Braves batting - Pitching for Great Lakes Loons : RHP Cameron Williams
|
|
Batting: LHB Joe Phillips
|
0-0: Ball 1-0: Called Strike 1-1: SINGLE (Flyball, 9LS, EV 96.2 MPH)
|
|
Batting: RHB Toki Takeuchi
|
0-0: Bunt missed! 0-1: Bunted foul 0-2: Ball 1-2: Ball 2-2: Ground out 5-3 (Groundball, 25, EV 71.2 MPH) Joe Phillips to second
|
|
Batting: RHB Nick Holsinger
|
0-0: Called Strike 0-1: Ball 1-1: Ball 2-1: Foul Ball, location: 2F 2-2: Strikes out swinging
|
|
Batting: RHB Zheng-ze King
|
0-0: Ball 1-0: Called Strike 1-1: Swinging Strike 1-2: DOUBLE (Flyball, 8RXD, EV 107.5 MPH) Joe Phillips scores
|
| Bottom of the 9th over - 1 run, 2 hits, 0 errors, 1 left on base; Great Lakes 3 - Atlanta (MID) 4 |
|